 Dungeon Crawl Stone Soup version 0.26-a0-1058-g8dc6ce00ff (console) character file.

Game seed: 868451248710844910

(classic levelgen) 75 Duffy the Shield-Bearer (level 4, -5/35 HPs)
             Began as a Formicid Fighter on Dec 13, 2020.
             Splashed by a jelly's acid (7 damage)
             ... on level 1 of the Dungeon.
             The game lasted 00:01:06 (1500 turns).

Duffy the Shield-Bearer (Formicid Fighter)          Turns: 1500, Time: 00:01:06

Health: -5/35      AC: -1    Str: 21    XL:     4   Next: 55%
Magic:  4/4        EV:  8    Int:  8    God:
Gold:   136        SH: 10    Dex: 10    Spells: 3/3 levels left

rFire    . . .     SeeInvis +   a - +0 war axe
rCold    . . .     Faith    .   c - +0 kite shield
rNeg     . . .     Spirit   .   b - +0 scale mail
rPois    .         Reflect  .   (helmet unavailable)
rElec    .         Harm     .   (no cloak)
rCorr    .         Rampage  .   (no gloves)
Will     .....                  (no boots)
Stlth    ..........             (no amulet)
HPRegen  0.11/turn              (no ring)
MPRegen  0.09/turn              (no ring)

@: corroded
A: permanent stasis, dig shafts and tunnels, four strong arms, antennae 3
a: Dig, Shaft Self


You were on level 1 of the Dungeon.
You visited 1 branch of the dungeon, and saw 2 of its levels.

You collected 136 gold pieces.

Inventory:

Hand Weapons
 a - a +0 war axe (weapon)
Armour
 b - a +0 scale mail (worn)
 c - a +0 kite shield (worn)
Scrolls
 e - a scroll of teleportation {unknown}
 i - a scroll of identify {unknown}
 j - a scroll of amnesia {unknown}
 k - a scroll of magic mapping {unknown}
 l - a scroll of random uselessness {unknown}
 m - 2 scrolls of enchant armour {unknown}
Potions
 d - a potion of might
 f - a potion of lignification {unknown}
 g - a potion of berserk rage {unknown}
 h - a potion of cancellation {unknown}


   Skills:
 - Level 3.2 Fighting
 + Level 3.4 Axes
 - Level 3.2 Armour
 + Level 5.0 Shields


You had 3 spell levels left.
You didn't know any spells.
Your spell library was empty.

Dungeon Overview and Level Annotations

Branches:
Dungeon (2/15)

Altars:
Vehumet


Innate Abilities, Weirdness & Mutations

You cannot be hasted, slowed, berserked, paralysed or teleported.
You can dig through walls and to a lower floor.
Your four strong arms can wield two-handed weapons with a shield.
You have a pair of large antennae on your head. (SInv)


Message History

The jelly is severely wounded.
You block the jelly's attack. The jelly hits you.
* * * LOW HITPOINT WARNING * * *
The acid corrodes you!
You are splashed with acid!
* * * LOW HITPOINT WARNING * * *
You are too injured to fight recklessly!
You are too injured to fight recklessly!
You are too injured to fight recklessly!
You are no longer corroded.
You hit the jelly.
Your hands burn!
* * * LOW HITPOINT WARNING * * *
The jelly is almost dead.
The jelly hits you but does no damage.
You hit the jelly but do no damage. The acid corrodes you!
Your hands burn!
* * * LOW HITPOINT WARNING * * *
The jelly is almost dead.
The jelly hits you.
* * * LOW HITPOINT WARNING * * *
The acid corrodes you!
You are splashed with acid!
You die...

#).......#.# #.##.###.#.# #########
#.##.###.#.#########
.##.....###.##.#.............#
.##.#................#######.#
.##.#.#.###.##.##>...# #.#
.##.#.#.# #.##.......# #.#
.##.#.#.# #.######.### #.#
.##.....# #.....J@.# #.# .####.###
########'## #.# ## #.########
##...## #.# #........###.....## #.#
####.###.##.......## ##.##
#######........).......####...##
.......................'.......####
#######...##...........####.......[
##.###..#.......## ##.#.####


You could see a jelly.

Vanquished Creatures
  4 gnolls (D:2)
  3 oozes
  A leopard gecko (D:2)
  3 bats
  2 giant cockroaches
  3 goblins
  2 hobgoblins
  3 jackals (D:2)
  2 frilled lizards
  A kobold (D:2)
24 creatures vanquished.

Vanquished Creatures (others)
  3 fungi (D:2)
  7 toadstools (D:2)
10 creatures vanquished.

Grand Total: 34 creatures vanquished

Notes
Turn   | Place    | Note
-------+----------+-------------------------------------------
     0 | D:1      | Duffy the Formicid Fighter began the quest for the Orb.
     0 | D:1      | Reached XP level 1. HP: 18/18 MP: 1/1
   239 | D:1      | Reached XP level 2. HP: 21/24 MP: 2/2
   727 | D:1      | Reached skill level 4 in Shields
   830 | D:2      | Found a radiant altar of Vehumet.
   856 | D:2      | Reached XP level 3. HP: 16/29 MP: 3/3
   862 | D:2      | Reached XP level 4. HP: 10/35 MP: 4/4
  1323 | D:1      | Reached skill level 5 in Shields
  1500 | D:1      | Splashed by a jelly's acid

Illustrated notes

Levels and vault maps discovered:
D:1:      erik_arrival_blinker_ship, layout_loops_corners, serial_glass,
          glass_columns_c, glass_columns_b, minmay_misc_feat_encased,
          st_stairs_7
D:2:      cheibrodos_fertilizer, layout_basic, overflow_temple_1_default,
          hangedman_abyss_or_decor_lesser_grid, nrook_mini_vaults,
          corexii_leaking_fountain, uniq_natasha

Skill      XL: |  1  2  3  4 |
---------------+-------------+-----
Shields        | 4 5 |  5.0
Axes           | 3 |  3.4
Fighting       | |  3.2
Armour         | |  3.2

Action                   |  1- 3 |  4- 6 || total
-------------------------+-------+-------++-------
Melee: War axe           |    39 |    30 ||    69
 Abil: Dig               |       |     1 ||     1
Armor: Scale mail        |    16 |    23 ||    39
Dodge: Dodged            |    13 |     9 ||    22
Block: Kite shield       |    20 |    15 ||    35

Table legend: (Time is in decaauts)
 A = Elapsed time spent in this place.
 B = Non-inter-level travel time spent in this place.
 C = Inter-level travel time spent in this place.
 D = Time resting spent in this place.
 E = Time spent auto-exploring this place.
 F = Levels seen in this place.
 G = Mean time per level.
                   A        B        C        D        E       F      G
               +--------+--------+--------+--------+--------+-----+--------+
         Total |   1529 |   1478 |     51 |    226 |   1047 |   2 |  764.5 |
       Dungeon |   1529 |   1478 |     51 |    226 |   1047 |   2 |  764.5 |
               +--------+--------+--------+--------+--------+-----+--------+

Top non-repeatable levels by time:
     D:1: 979 daAuts
     D:2: 550 daAuts
